 Dungeon Crawl Stone Soup version 0.30-a0-782-ge64f9170bb (webtiles) character file.

Game seed: 6589996290486695047

1534 Dirtsage the Cleaver (level 8, -3/58 HPs)
             Began as a Demonspawn Fighter on Mar 9, 2023.
             Was a Follower of Okawaru.
             Slain by a gnoll sergeant
             ... wielding a +4 spear of freezing
              (4 damage)
             ... on level 5 of the Dungeon.
             The game lasted 00:08:43 (4238 turns).

Dirtsage the Cleaver (Demonspawn Fighter)           Turns: 4238, Time: 00:08:44

Health: -3/58      AC: 10    Str: 19    XL:     8   Next: 55%
Magic:  8/8        EV:  9    Int: 10    God:    Okawaru [*.....]
Gold:   250        SH: 13    Dex: 12    Spells: 7/7 levels left

rFire   . . .      SeeInvis .    a - +0 war axe
rCold   . . .      Faith    .    c - +0 buckler
rNeg    . . .      Spirit   .    b - +0 scale mail
rPois   .          Reflect  +    (helmet restricted)
rElec   .          Harm     .    q - +0 cloak
rCorr   .          Rampage  .    (no gloves)
Will    +....                    (no boots) Stlth
                                 j - amulet of reflection
HPRegen 0.29/turn                y - ring of willpower
MPRegen 0.11/turn                B - ring of flight

@: flying
A: antennae 2, icy blue scales 2, spiny 2, condensation shield
a: Renounce Religion, Heroism


You were on level 5 of the Dungeon.
You worshipped Okawaru.
Okawaru was aware of your devotion.
You visited 2 branches of the dungeon, and saw 6 of its levels.

You collected 250 gold pieces.

Inventory:

Hand Weapons
 a - a +0 war axe (weapon)
Missiles
 i - a throwing net (quivered)
Armour
 b - a +0 scale mail (worn)
 c - a +0 buckler (worn)
 q - a +0 cloak (worn)
Jewellery
 g - a +6 ring of intelligence
 j - an amulet of reflection (around neck)
 y - a ring of willpower (left hand)
 z - an amulet of faith
 B - a ring of flight (right hand)
Wands
 r - a wand of flame (29)
 w - a wand of paralysis (5)
 D - a wand of digging (4)
Scrolls
 f - 6 scrolls of identify {unknown}
 l - 4 scrolls of teleportation {unknown}
 m - a scroll of magic mapping {unknown}
 n - a scroll of amnesia {unknown}
 o - 2 scrolls of enchant weapon {unknown}
 v - 2 scrolls of blinking {unknown}
 A - a scroll of enchant armour {unknown}
 C - a scroll of fear {unknown}
Potions
 d - a potion of might
 e - 2 potions of cancellation {unknown}
 h - 2 potions of heal wounds {unknown}
 k - 2 potions of berserk rage {unknown}
 p - 4 potions of curing {unknown}
 s - a potion of attraction {unknown}
 t - a potion of haste {unknown}
 u - a potion of degeneration {unknown}
 x - a potion of mutation {unknown}


   Skills:
 - Level 3.0 Fighting
 + Level 10.1 Axes
 - Level 2.6 Armour
 - Level 2.6 Shields


You had 7 spell levels left.
You didn't know any spells.
Your spell library contained the following spells:

 Spells                   Type           Power      Damage    Failure   Level
 Beastly Appendage        Tmut           0%         N/A       83%         1
 Static Discharge         Conj/Air       0%         2-2/arc   93%         2
 Wereblood                Tmut           0%         N/A       93%         2
 Spider Form              Tmut/Pois      0%         N/A       99%         3
 Vhi's Electric Charge    Tloc/Air       0%         N/A       99%         3
 Arcjolt                  Conj/Air       0%         1d10      100%        5
 Lightning Bolt           Conj/Air       0%         1d11      100%        5


Dungeon Overview and Level Annotations

Branches:
Dungeon (5/15)             Temple (1/1) D:4

Altars:
Cheibriados
Fedhas
Gozag
Hepliaklqana
Nemelex Xobeh
Okawaru
Qazlal
Vehumet
Xom
Yredelemnul

Shops:
D:4 [


Innate Abilities, Weirdness & Mutations

You have a pair of antennae on your head.
You are mostly covered in icy blue scales. (AC +3)
You are mostly covered in sharp spines.
A meltable shield of frost defends you. (SH +4)


Message History

You kill the gnoll!
Okawaru accepts your kill.
You take 9 damage, and have 49/58 hp.
You block the gnoll sergeant's attack.
You hit the gnoll sergeant but do no damage.
The gnoll sergeant hits you with a +4 spear of freezing.
The gnoll sergeant freezes you.
You take 4 damage, and have 45/58 hp.
You hit the gnoll sergeant but do no damage.
The gnoll sergeant barely misses you.
The gnoll sergeant hits you with a +4 spear of freezing!
The gnoll sergeant freezes you.
You take 17 damage, and have 28/58 hp.
MASSIVE DAMAGE!!
You slash the gnoll sergeant!
The gnoll sergeant is heavily wounded.
The gnoll sergeant hits you with a +4 spear of freezing.
The gnoll sergeant freezes you.
You take 6 damage, and have 22/58 hp.
You closely miss the gnoll sergeant.
The gnoll sergeant is heavily wounded.
The gnoll sergeant is struck by your spines.
The gnoll sergeant hits you with a +4 spear of freezing!
* * * LOW HITPOINT WARNING * * *
The gnoll sergeant freezes you.
* * * LOW HITPOINT WARNING * * *
You take 10 damage, and have 12/58 hp.
You hit the gnoll sergeant but do no damage.
The gnoll sergeant is severely wounded.
The gnoll sergeant is struck by your spines.
The gnoll sergeant hits you with a +4 spear of freezing.
* * * LOW HITPOINT WARNING * * *
The gnoll sergeant freezes you.
* * * LOW HITPOINT WARNING * * *
You take 2 damage, and have 10/58 hp.
You closely miss the gnoll sergeant.
The gnoll sergeant is almost dead.
The gnoll sergeant hits you with a +4 spear of freezing!
* * * LOW HITPOINT WARNING * * *
The gnoll sergeant freezes you.
You die...

###..#.#### #..)## ##
#..##...# ####...### #
##..##..# ####........## #
##..##.######............#
#
##......................##
#.......................#
##.)......).............#
##.....................##
##....g@.).............#
#.....)<..............#
##..#.................#
#.####..............##
#..# ####.........รท.#
##.## ####.......##
##.g### #.......###
##....{######.........#
##...............##.....


You could see a gnoll sergeant.

Vanquished Creatures
  Grinder (D:4)
  Sigmund (D:2)
  A steam dragon (D:5)
  A water moccasin (D:5)
  A black bear (D:2)
  An ice beast (D:5)
  An ogre (D:5)
  The ghost of clease the Firebug, an amateur GrFE (D:3)
  2 scorpions
  A necrophage (D:4)
  A howler monkey (D:5)
  A jelly (D:4)
  An orc priest (D:3)
  A hound (D:5)
  3 iguanas (D:5)
  Natasha (thrice) (D:4)
  3 gnolls (D:5)
  4 adders
  3 worms
  4 orcs
  7 ball pythons
  4 bats
  An endoplasm (D:4)
  2 giant cockroaches
  9 goblins
  6 hobgoblins
  9 jackals
  9 kobolds
  4 quokkas
  3 frilled lizards
  6 rats
95 creatures vanquished.

Notes
Turn   | Place    | Note
-------+----------+-------------------------------------------
     0 | D:1      | Dirtsage the Demonspawn Fighter began the quest for the
                  | Orb.
     0 | D:1      | Reached XP level 1. HP: 18/18 MP: 1/1
    63 | D:1      | Reached skill level 2 in Axes
   239 | D:1      | Gained mutation: A meltable shield of frost defends you.
                  | (SH +4) [demonic ancestry]
   239 | D:1      | Reached XP level 2. HP: 24/24 MP: 2/2
   510 | D:1      | Reached skill level 3 in Axes
   906 | D:2      | Noticed Sigmund
   976 | D:2      | Killed Sigmund
   977 | D:2      | Reached skill level 5 in Axes
   977 | D:2      | Gained mutation: You are partially covered in icy blue
                  | scales. (AC +2) [demonic ancestry]
   977 | D:2      | Reached XP level 3. HP: 17/29 MP: 3/3
   977 | D:2      | Gained mutation: You are mostly covered in icy blue scales.
                  | (AC +3) [demonic ancestry]
   977 | D:2      | Reached XP level 4. HP: 21/35 MP: 4/4
   977 | D:2      | Gained mutation: You are partially covered in sharp spines.
                  | [demonic ancestry]
   977 | D:2      | Reached XP level 5. HP: 25/41 MP: 5/5
  1382 | D:2      | Noticed a black bear
  1394 | D:2      | Killed a black bear
  1395 | D:2      | Reached skill level 6 in Axes
  1395 | D:2      | Gained mutation: You have a pair of small antennae on your
                  | head. [demonic ancestry]
  1395 | D:2      | Reached XP level 6. HP: 44/47 MP: 6/6
  1510 | D:3      | Found a runed translucent gate.
  1541 | D:3      | Found a hazy altar of Hepliaklqana.
  1697 | D:3      | Found a runed translucent gate.
  1697 | D:3      | Found a runed translucent gate.
  1698 | D:3      | Noticed clease's ghost (amateur GrFE)
  1995 | D:3      | Found a faded altar of an unknown god.
  2287 | D:3      | Killed clease's ghost
  2358 | D:4      | Found Ziblei's Armour Shoppe.
  2421 | D:4      | Reached skill level 7 in Axes
  2421 | D:4      | Gained mutation: You have a pair of antennae on your head.
                  | [demonic ancestry]
  2421 | D:4      | Reached XP level 7. HP: 50/52 MP: 7/7
  2549 | D:4      | Noticed Grinder
  2558 | D:4      | Killed Grinder
  2559 | D:4      | Reached skill level 8 in Axes
  2717 | D:4      | Noticed Natasha
  2725 | D:4      | Killed Natasha
  2962 | D:4      | Found a staircase to the Ecumenical Temple.
  2971 | Temple   | Entered the Ecumenical Temple
  2980 | Temple   | Became a worshipper of Warmaster Okawaru
  3040 | D:4      | Noticed Natasha
  3047 | D:4      | Killed Natasha
  3065 | D:4      | Noticed Natasha
  3072 | D:4      | Killed Natasha
  3258 | D:5      | Entered Level 5 of the Dungeon
  3423 | D:5      | Gained mutation: You are mostly covered in sharp spines.
                  | [demonic ancestry]
  3423 | D:5      | Reached XP level 8. HP: 57/58 MP: 8/8
  3611 | D:5      | Reached skill level 9 in Axes
  3801 | D:5      | Reached * piety under Okawaru
  3859 | D:5      | Found a radiant altar of Vehumet.
  4070 | D:5      | Reached skill level 10 in Axes
  4238 | D:5      | HP: 1/58 [gnoll sergeant/+4 spear of freezing (9)]
  4238 | D:5      | Slain by a gnoll sergeant

Illustrated notes

Levels and vault maps discovered:
D:1:      dpeg_arrival_simpleton_c, layout_basic, st_stairs_12,
          minmay_tetromino_l4
D:2:      kennysheep_big_flooded_room, layout_rooms, uniq_sigmund
D:3:      layout_loops_ring, nicolae_hepliaklqana_hippocampus,
          mainiacjoe_overflow_alcove_1,
          shapermc_ecumenical_altar_mp_urbaneastern, ebering_ghost_rock_garden
D:4:      layout_loops_ring, minmay_temple_entry_nine_rooms, serial_shops,
          nicolae_take_the_stairs, uniq_natasha, uniq_grinder
D:5:      minmay_chambers_of_threes, layout_cave_pods, kennysheep_mini_moat
Temple:   nicolae_temple_bog_church

Skill      XL: |  1  2  3  4  5  6  7  8 |
---------------+-------------------------+-----
Axes           | 2 5 6 7 8 10 | 10.1
Fighting       | |  3.0
Armour         | |  2.6
Shields        | |  2.6

Action                     |  1- 3 |  4- 6 |  7- 9 || total
---------------------------+-------+-------+-------++-------
  Melee: War axe           |    66 |   105 |    88 ||   259
  Evoke: Wand              |       |       |     1 ||     1
    Use: Potion            |     1 |       |       ||     1
   Stab: Paralysed         |       |       |     4 ||     4
 Armour: Scale mail        |    30 |    19 |    22 ||    71
  Dodge: Dodged            |    28 |    25 |    17 ||    70
  Block: Buckler           |    35 |    82 |    44 ||   161
         Reflection        |       |     1 |       ||     1

Table legend: (Time is in decaauts)
 A = Elapsed time spent in this place.
 B = Non-inter-level travel time spent in this place.
 C = Inter-level travel time spent in this place.
 D = Time resting spent in this place.
 E = Time spent auto-exploring this place.
 F = Levels seen in this place.
 G = Mean time per level.
                   A        B        C        D        E       F      G
               +--------+--------+--------+--------+--------+-----+--------+
         Total |   4306 |   3993 |    313 |    169 |   3120 |   6 |  717.7 |
       Dungeon |   4286 |   3981 |    305 |    169 |   3120 |   5 |  857.2 |
        Temple |     19 |     11 |      8 |      0 |      0 |   1 |   19.0 |
               +--------+--------+--------+--------+--------+-----+--------+

Top non-repeatable levels by time:
     D:4: 1005 daAuts
     D:1: 974 daAuts
     D:3: 885 daAuts
     D:5: 853 daAuts
     D:2: 568 daAuts
  Temple: 19 daAuts
